 Dungeon Crawl Stone Soup version 0.17-a0-1887-g3e50df6 (webtiles) character file.

35 wvc the Magician (level 3, -2/26 HPs)
             Began as a Demonspawn Transmuter on Sept 23, 2015.
             Slain by Terence
             ... wielding a +0 falchion
              (8 damage)
             ... on level 2 of the Dungeon.
             The game lasted 00:03:04 (2028 turns).

wvc the Magician (Demonspawn Transmuter)            Turns: 2028, Time: 00:03:04

Health: -2/26      AC:  2    Str: 10    XL:     3   Next: 16%
Magic:  1/7        EV: 12    Int: 15    God:
Gold:   56         SH:  0    Dex: 13    Spells: 3 memorised, 1 level left

rFire  . . .     SeeInvis .       - Unarmed
rCold  . . .     Clarity  .     b - +0 robe
rNeg   . . .     SustAt   .     (no shield)
rPois  .         Gourm    .     (no helmet)
rElec  .         Spirit   .     (no cloak)
rCorr  .         Warding  .     (no gloves)
rMut   .         Stasis   .     (no boots)
MR     .....                    (no amulet)
Stlth  +.........               (no ring)
                                (no ring)

@: appendage (expiring), very slightly contaminated, not resistant to hostile
enchantments, very unstealthy
A: horns 2, talons 1, demonic guardian 1
a: End Transformation


You were on level 2 of the Dungeon.
You were not hungry.
You had grown temporary horns.
You visited 1 branch of the dungeon, and saw 2 of its levels.

You collected 56 gold pieces.

Inventory:

Missiles
 a - 12 arrows
Armour
 b - a +0 robe (worn)
Jewellery
 e - an uncursed ring of ice {unknown}
Scrolls
 f - 3 scrolls of identify {unknown}
 g - 2 scrolls of remove curse {unknown}
 k - a scroll of teleportation {unknown}
Potions
 h - a potion of might {unknown}
 j - a potion of haste {unknown}
 l - 2 potions of brilliance {unknown}
Books
 c - a book of Changes

   Spells                             Type                      Level
   a - Beastly Appendage              Transmutation                1
   b - Sticks to Snakes               Transmutation                2
   c - Spider Form                    Transmutation/Poison         3
   d - Ice Form                       Ice/Transmutation            4
   e - Blade Hands                    Transmutation                5
Comestibles
 d - 2 bread rations
 i - 6 chunks of flesh


   Skills:
 - Level 1.0 Fighting
 - Level 1.7 Dodging
 - Level 2.6 Unarmed Combat
 + Level 2.7 Spellcasting
 * Level 2.6 Transmutations


You had one spell level left.
You knew the following spells:

 Your Spells              Type           Power        Failure   Level  Hunger
a - Beastly Appendage     Trmt           ##....       10%         1    #......
b - Sticks to Snakes      Trmt           ##........   12%         2    ##.....
c - Spider Form           Trmt/Pois      #.........   34%         3    ###....


Dungeon Overview and Level Annotations

Branches:
Dungeon (2/15)

Altars:

Annotations:
D:2 Terence


Innate Abilities, Weirdness & Mutations

You have sharp toenails.
A weak demonic guardian rushes to your aid.
You have a pair of horns on your head.


Message History

Your headbutt misses Terence.
Terence is lightly wounded.
Terence hits you with a falchion.
You hit Terence but do no damage. You headbutt Terence.
Terence is moderately wounded.
Terence hits you with a falchion.
You barely miss Terence. You headbutt Terence.
Terence is moderately wounded.
Terence hits you with a falchion!
* * * LOW HITPOINT WARNING * * *
You hit Terence but do no damage.
Terence is moderately wounded.
Terence hits you but does no damage.
You completely miss Terence.
Terence is moderately wounded.
Your transformation is almost over.
You barely miss Terence.
Terence is moderately wounded.
Terence hits you with a falchion!
You die...

#.# # #.# #.# #.# #.# .#
#.# ##.## #.# #.# .....
#.# ..# ##.## #.#.###
#.# #.#.# #
################ #.#.###
......@@5......###......
..
....####.............###
## # #.#####.##..#####
#.# #.# #.......... #.#
#.# ####..##### #)# #.#
####..# #.# ... .....#
#.# ... ##...# ##.#
#...# #...#


You could see Terence and a friendly crimson imp.

Vanquished Creatures
  A giant gecko (D:1)
  A ball python (D:1)
  3 hobgoblins (D:1)
  3 kobolds
  4 bats (D:1)
  4 giant newts
  7 goblins
  6 jackals
  5 rats
34 creatures vanquished.

Vanquished Creatures (others)
  7 toadstools (D:1)
7 creatures vanquished.

Grand Total: 41 creatures vanquished

Notes
Turn   | Place    | Note
--------------------------------------------------------------
     0 | D:1      | wvc the Demonspawn Transmuter began the quest for the Orb.
     0 | D:1      | Reached XP level 1. HP: 15/15 MP: 3/3
   471 | D:1      | Gained mutation: A weak demonic guardian rushes to your aid. [demonic ancestry]
   471 | D:1      | Reached XP level 2. HP: 9/21 MP: 3/5
   718 | D:1      | Learned a level 2 spell: Sticks to Snakes
  1533 | D:2      | Mutation became permanent: You have claws for feet. [demonic ancestry]
  1533 | D:2      | Reached XP level 3. HP: 22/26 MP: 4/6
  1538 | D:2      | Learned a level 3 spell: Spider Form
  2011 | D:2      | Noticed Terence
  2028 | D:2      | Slain by Terence

Vault maps used:
D:1:      nagdon_arrival_double_spiral, grunt_decor_mini_mirrors
D:2:      uniq_terence

Action                   || total
-------------------------++-------
Melee: Unarmed           ||   151
 Cast: Beastly Appendage ||    24
  Eat: Chunk             ||     2
       Meat ration       ||     1
